 Dungeon Crawl Stone Soup version 0.28-a0-247-gb8bfbab023 (webtiles) character file.

Game seed: 15793537572271400973

30424 robertstho the Thaumaturge (level 13, -2/92 HPs)
             Began as a Djinni Fire Elementalist on Aug 25, 2021.
             Was an Initiate of Gozag.
             Killed from afar by a rime drake (34 damage)
             ... with a flash freeze
             ... on level 4 of the Lair of Beasts.
             The game lasted 00:28:08 (13299 turns).

robertstho the Thaumaturge (DjFE)                  Turns: 13299, Time: 00:28:08

Health: -2/92      AC:  6    Str:  7    XL:     13   Next: 88%
Gold:   81         EV: 14    Int: 22    God:    Gozag SH:  0 Dex: 12

rFire   + + +      SeeInvis .   F - +4 great mace of the Unseen Realm {vorpal, rElec rC+ Dex-2}
rCold   . . .      Faith    .   (shield currently unavailable)
rNeg    + . .      Spirit   .   a - +0 robe
rPois   ∞          Reflect  .   (no helmet)
rElec   +          Harm     .   D - +0 cloak
rCorr   .          Rampage  .   l - +2 pair of gloves
Will    +....                   (boots unavailable)
Stlth   +++.......              d - amulet of regeneration
HPRegen 1.25/turn               p - ring of protection from fire
MPRegen 0.00/turn               i - ring of positive energy

@: gold aura, flying
A: sickness immunity, fire resistance 2, cold vulnerability 1, float, innate
caster, hp casting, extra vitality 1
a: Renounce Religion, Potion Petition, Call Merchant, Bribe Branch


You were on level 4 of the Lair of Beasts.
You worshipped Gozag.
Gozag was noncommittal.
You visited 3 branches of the dungeon, and saw 17 of its levels.

You collected 2649 gold pieces.
You spent 857 gold pieces at shops.
You paid 1711 gold pieces to Gozag.

Inventory:

Hand Weapons
 b - a +0 short sword
 o - a +5 scimitar
 A - a +4 flail
 F - the +4 great mace of the Unseen Realm (weapon) {vorpal, rElec rC+ Dex-2}
   (You bought it in a shop on level 1 of the Lair of Beasts)

   It inflicts extra damage upon your enemies.
   Dex:       It affects your dexterity (-2).
   rC:        It protects you from cold.
   rElec:     It insulates you from electricity.
 G - a +5 great sword
 J - a +0 long sword of electrocution
Missiles
 M - 4 throwing nets
Armour
 a - a +0 robe (worn)
 l - a +2 pair of gloves (worn)
 D - a +0 cloak (worn)
Jewellery
 d - an amulet of regeneration (around neck)
 i - a ring of positive energy (right hand)
 p - a ring of protection from fire (left hand)
 L - an amulet of reflection
Wands
 B - a wand of flame (30)
 C - a wand of polymorph (5)
 I - a wand of mindburst (11)
 N - a wand of digging (6)
Scrolls
 c - 2 scrolls of torment
 e - 6 scrolls of teleportation
 f - a scroll of identify
 g - 3 scrolls of enchant armour
 h - 3 scrolls of enchant weapon
 u - 3 scrolls of magic mapping
 v - 3 scrolls of blinking
 w - a scroll of fog
 x - a scroll of immolation
 y - a scroll of fear
 E - a scroll of holy word
Potions
 j - 3 potions of heal wounds {unknown}
 k - 6 potions of curing
 m - 3 potions of lignification {unknown}
 n - 4 potions of flight {unknown}
 q - a potion of degeneration {unknown}
 s - a potion of resistance {unknown}
 t - 4 potions of haste
 z - 3 potions of cancellation {unknown}
 H - 2 potions of brilliance {unknown}
 O - a potion of ambrosia


   Skills:
 * Level 7.7 Fighting
 + Level 3.2 Long Blades
 + Level 5.8 Dodging
 + Level 4.3 Stealth
 * Level 14.9 Spellcasting


You had 7 spell levels left.
You knew the following spells:

 Your Spells              Type           Power      Damage    Failure   Level
a - Foxfire               Conj/Fire      100%       2x1d9     0%          1
b - Conjure Flame         Conj/Fire      70%        6-21      1%          3
c - Inner Flame           Hex/Fire       70%        N/A       1%          3
d - Sticky Flame          Conj/Fire      70%        2d8       1%          4
e - Fireball              Conj/Fire      35%        3d15      1%          5
f - Sandblast             Erth           100%       2d20      0%          1
g - Poisonous Vapours     Pois/Air       100%       N/A       0%          2
h - Mephitic Cloud        Conj/Pois/Air  70%        N/A       1%          3
i - Vampiric Draining     Necr           35%        2d11      1%          3
j - Ice Form              Ice/Tmut       70%        N/A       1%          4
k - Lightning Bolt        Conj/Air       35%        1d53      1%          5
Your spell library was empty.

Dungeon Overview and Level Annotations

Branches:
Dungeon (12/15)            Temple (1/1) D:5            Lair (4/6) D:9
 Shoals (0/4) Lair:3       Spider (0/4) Lair:3          Orc (0/2) D:10

Altars:
Ashenzari
Cheibriados
Dithmenos
Elyvilon
Fedhas
Gozag
Hepliaklqana
Kikubaaqudgha
Makhleb
Nemelex Xobeh
Okawaru
Qazlal
Ru
Sif Muna
Trog
Uskayaw
Vehumet
Wu Jian
Xom
Yredelemnul
Zin
The Shining One

Shops:
D:2 !*[*   Lair:1 (   Lair:2 ?

Annotations:
D:10 2 transporters, robertstho's ghost, journeyman DjFE
Lair:2 3 runed translucent doors, Reubyar's ghost, journeyman MiBe; Tuin's ghost, journeyman MiBe


Innate Abilities, Weirdness & Mutations

You are immune to sickness and miasma.
You are immune to poison.
Your flesh is very heat resistant. (rF++)
You are vulnerable to cold. (rC-)
You float through the air rather than walking.
You learn spells naturally, not from books.
Your magical power is your life essence.
You have superior vitality. (+4 HP)


Message History

The yak is heavily wounded.
The fireball engulfs the yak!!
The yak is severely wounded.
The yak is no longer distracted by gold.
A yak comes into view.
Unknown command.
Casting: Fireball (mildly dangerous; 1% risk of failure)
Confirm with . or Enter, or press ? or * to list all spells.
Aiming: Fireball (mildly dangerous; 1% risk of failure)
Press: ? - help, Shift-Dir - straight line, f - yak, p - yak
Aim: a yak (severely wounded)
The fireball explodes!
The fireball engulfs the yak!
You kill the yak!
You feel a bit more experienced.
The fireball engulfs the yak!
You kill the yak!
Unknown command.
Casting: Fireball (mildly dangerous; 1% risk of failure)
Confirm with . or Enter, or press ? or * to list all spells.
Aiming: Fireball (mildly dangerous; 1% risk of failure)
Press: ? - help, Shift-Dir - straight line The fireball explodes!
The fireball engulfs the yak!
The yak is heavily wounded.
You hear an angry hiss.
The yak is no longer distracted by gold.
A nearby fungus withers and dies.
A rime drake comes into view.
The yak is distracted by your dazzling golden aura.
Unknown command.
Casting: Fireball (mildly dangerous; 1% risk of failure)
Confirm with . or Enter, or press ? or * to list all spells.
Aiming: Fireball (mildly dangerous; 1% risk of failure)
Press: ? - help, Shift-Dir - straight line, f - you That beam is likely to hit you.
Continue anyway?
Okay, then.
Unknown command.
Found a yak corpse and a cane toad corpse.
The rime drake breathes ice at you. The flash freeze hits you!!
You die...
Your body crumbles into a pile of gold.

###...<.#####.##
#.........##...#
#..........#.##
#..P....##...#
##.......#...#
#...........#.
#....?..#......
#..............
##...@..$$...##.
......$..#.....#
...#.[......$$.#
.#.$#.$.....$..#
....Y....##.$..#
.# .$....k .....
..Y.P##. ....
#..... #. ††


You could see 2 yaks and a rime drake (catching breath).

Vanquished Creatures
  Harold (D:11)
  4 hydras
  3 two-headed ogres
  A catoblepas (Lair:3)
  A death yak (Lair:2)
  2 oklob plants
  A cyclops (D:11)
  A manticore (D:11)
  A torpor snail (Lair:2)
  A centaur zombie (D:11)
  2 black mambas
  A gargoyle (D:10)
  7 cane toads
  A kobold demonologist (D:10)
  7 komodo dragons
  2 unseen horrors
  2 trolls
  A merfolk (Lair:3)
  A polar bear (Lair:2)
  2 hornets
  A wind drake (shapeshifter) (D:10)
  4 blink frogs
  5 dream sheep (Lair:3)
  A shadow (D:10)
  Sigmund (D:6)
  4 wraiths
  2 basilisks (Lair:3)
  5 wyverns
  27 yaks
  Edmund (D:6)
  6 water moccasins
  7 orc warriors
  2 black bears
  A hornet zombie (D:7)
  2 ice beasts (D:7)
  2 sky beasts (D:6)
  8 necrophages
  6 ogres
  9 wolves
  8 centaurs
  8 kobold brigands
  9 bullfrogs
  A wyvern zombie (D:7)
  A gnoll sergeant (D:10)
  4 scorpions
  A water moccasin skeleton (D:5)
  A killer bee (D:7)
  7 wights
  7 howler monkeys
  A bullfrog zombie (D:5)
  5 orc priests
  2 jellies
  2 hounds
  A bullfrog skeleton (D:5)
  A scorpion zombie (D:5)
  4 hell rats (Lair:3)
  An iguana (D:6)
  7 orc wizards
  5 gnolls
  7 adders
  2 shadow imps
  2 white imps
  An ufetubus (D:7)
  An adder skeleton (D:4)
  A dart slug (D:3)
  30 orcs
  3 ball pythons
  4 bats
  7 endoplasms
  3 giant cockroaches
  5 goblins
  5 hobgoblins
  10 jackals
  4 quokkas
  4 frilled lizards
  A jackal skeleton (D:4)
  26 kobolds
  7 rats
  A bush (Lair:2)
336 creatures vanquished.

Vanquished Creatures (others)
  A hornet (D:10)
  2 kobolds (D:10)
  660 foxfires
  11 fungi
  27 plants
701 creatures vanquished.

Grand Total: 1037 creatures vanquished

Notes
Turn   | Place    | Note
-------+----------+-------------------------------------------
     0 | D:1      | robertstho the Djinni Fire Elementalist began the quest for
                  | the Orb.
     0 | D:1      | Reached XP level 1. HP: 15/15 MP: 0/0
   391 | D:1      | Reached XP level 2. HP: 19/22 MP: 0/0
   486 | D:1      | Reached skill level 3 in Spellcasting
   523 | D:1      | Reached XP level 3. HP: 10/26 MP: 0/0
   523 | D:1      | Learned a level 1 spell: Sandblast
  1333 | D:2      | Found Esopett's General Store.
  1340 | D:2      | Found Favotule's Assorted Antiques.
  1346 | D:2      | Reached XP level 4. HP: 31/31 MP: 0/0
  1351 | D:2      | Bought a scroll of identify for 20 gold pieces
  1517 | D:2      | Found Zuptecid's Distillery.
  1524 | D:2      | Bought a potion of curing for 42 gold pieces
  1557 | D:2      | Found Xadabif's Antique Armour Emporium.
  1573 | D:2      | Found an ornate altar of the Wu Jian Council.
  1627 | D:2      | Found a faded altar of an unknown god.
  1890 | D:3      | Found a stormy altar of Qazlal.
  2107 | D:3      | Reached skill level 1 in Fighting
  2259 | D:3      | Reached XP level 5. HP: 37/37 MP: 0/0
  2259 | D:3      | Learned a level 2 spell: Poisonous Vapours
  2753 | D:4      | Reached skill level 4 in Spellcasting
  2773 | D:4      | Noticed a black bear
  2779 | D:4      | Killed a black bear
  2780 | D:4      | Reached XP level 6. HP: 42/42 MP: 0/0
  3035 | D:4      | Reached skill level 5 in Spellcasting
  3209 | D:4      | You are sucked into a shaft and drop 1 floor!
  3209 | D:5      | Entered Level 5 of the Dungeon
  3245 | D:5      | Reached XP level 7. HP: 48/48 MP: 0/0
  3245 | D:5      | Learned a level 3 spell: Mephitic Cloud
  3533 | D:5      | Reached skill level 6 in Spellcasting
  3695 | D:5      | Found a staircase to the Ecumenical Temple.
  3707 | Temple   | Entered the Ecumenical Temple
  3833 | D:5      | Found a snail-covered altar of Cheibriados.
  3842 | D:5      | Found a hide-covered altar of Uskayaw.
  3887 | D:6      | Found a broken altar of Ashenzari.
  3892 | D:6      | Reached XP level 8. HP: 55/55 MP: 0/0
  3955 | D:6      | Identified the +2 pair of boots of Welipt {+Inv rN+ Stlth+}
  3996 | D:6      | Reached skill level 7 in Spellcasting
  4036 | D:6      | Found an opulent altar of Gozag.
  4148 | D:6      | Noticed Edmund
  4162 | D:6      | Killed Edmund
  4201 | D:6      | Reached XP level 9. HP: 61/61 MP: 0/0
  4201 | D:6      | Learned a level 3 spell: Vampiric Draining
  4225 | D:6      | Became a worshipper of Gozag Ym Sagoz the Greedy
  4272 | D:6      | Noticed a hornet
  4281 | D:6      | Killed a hornet
  4282 | D:6      | Reached skill level 8 in Spellcasting
  4805 | D:6      | Noticed Sigmund
  4814 | D:6      | Killed Sigmund
  5197 | D:7      | Reached skill level 9 in Spellcasting
  5460 | D:7      | Reached XP level 10. HP: 65/68 MP: 0/0
  5833 | D:8      | Noticed an unseen horror
  5835 | D:8      | Killed an unseen horror
  5836 | D:8      | Reached skill level 10 in Spellcasting
  6109 | D:8      | Noticed a two-headed ogre
  6123 | D:8      | Killed a two-headed ogre
  6124 | D:8      | Reached skill level 5 in Fighting
  6124 | D:8      | Reached skill level 1 in Long Blades
  6277 | D:8      | Found a blossoming altar of Fedhas.
  6654 | D:9      | Found a staircase to the Lair.
  6875 | D:9      | Found a white marble altar of Elyvilon.
  7910 | D:10     | Entered Level 10 of the Dungeon
  7919 | D:10     | Reached XP level 11. HP: 52/76 MP: 0/0
  7919 | D:10     | Learned a level 4 spell: Ice Form
  8029 | D:10     | Found a transporter.
  8040 | D:10     | Found a transporter.
  8053 | D:10     | Noticed robertstho's ghost (journeyman DjFE)
  8113 | D:10     | Reached skill level 11 in Spellcasting
  8155 | D:10     | Noticed a two-headed ogre
  8159 | D:10     | Killed a two-headed ogre
  8200 | D:10     | Found an iron altar of Okawaru.
  8408 | D:10     | Found a staircase to the Orcish Mines.
  8742 | D:10     | Reached skill level 12 in Spellcasting
  8963 | D:11     | Noticed a manticore
  8964 | D:11     | Noticed a cyclops
  8969 | D:11     | Killed a cyclops
  8970 | D:11     | Killed a manticore
  9187 | D:11     | Reached XP level 12. HP: 75/83 MP: 0/0
  9296 | D:11     | Noticed Harold
  9319 | D:11     | Killed Harold
  9646 | D:12     | Noticed a two-headed ogre
  9651 | D:12     | Killed a two-headed ogre
  9669 | D:12     | Noticed a boulder beetle
  9731 | Lair:1   | Entered Level 1 of the Lair of Beasts
  9763 | Lair:1   | Bought a crude great mace for 379 gold pieces
  9763 | Lair:1   | Identified the +4 great mace of the Unseen Realm {vorpal,
                  | rElec rC+ Dex-2} (You bought it in a shop on level 1 of the
                  | Lair of Beasts)
  9868 | Lair:1   | Reached skill level 13 in Spellcasting
 10105 | Lair:1   | Noticed a seven-headed hydra
 10179 | Lair:1   | Killed a seven-headed hydra
 10398 | Lair:1   | Noticed a five-headed hydra
 10402 | Lair:1   | Killed a five-headed hydra
 10435 | Lair:1   | Reached skill level 5 in Dodging
 10944 | Lair:2   | Noticed a death yak
 10949 | Lair:2   | Killed a death yak
 10950 | Lair:2   | Reached XP level 13. HP: 73/90 MP: 0/0
 10950 | Lair:2   | Learned a level 5 spell: Lightning Bolt
 11132 | Lair:2   | You are sucked into a shaft and drop 1 floor!
 11246 | Lair:3   | Noticed a catoblepas
 11249 | Lair:3   | Noticed a four-headed hydra
 11257 | Lair:3   | Killed a catoblepas
 11258 | Lair:3   | Reached skill level 14 in Spellcasting
 11335 | Lair:3   | Killed a four-headed hydra
 11468 | Lair:3   | Noticed an eight-headed hydra
 11474 | Lair:3   | Killed an eight-headed hydra
 12146 | Lair:3   | Found a staircase to the Shoals.
 12241 | Lair:3   | Found a hole to the Spider Nest.
 12384 | Lair:2   | Found a runed translucent gate.
 12384 | Lair:2   | Found a runed translucent gate.
 12384 | Lair:2   | Found a runed translucent gate.
 12590 | Lair:2   | Found a blossoming altar of Fedhas.
 12674 | Lair:2   | Noticed Reubyar's ghost (journeyman MiBe)
 12675 | Lair:2   | Noticed Tuin's ghost (journeyman MiBe)
 13015 | Lair:2   | Bought a scroll of identify for 32 gold pieces
 13015 | Lair:2   | Bought a scroll of blinking for 120 gold pieces
 13015 | Lair:2   | Bought a scroll of identify for 32 gold pieces
 13015 | Lair:2   | Bought a scroll of identify for 32 gold pieces
 13015 | Lair:2   | Bought a scroll of torment for 120 gold pieces
 13015 | Lair:2   | Bought a scroll of teleportation for 48 gold pieces
 13015 | Lair:2   | Bought a scroll of identify for 32 gold pieces
 13166 | Lair:4   | Identified the +1 falchion "Tormentor" {venom, *Slow rN+
                  | Will+ Int+3}
 13299 | Lair:4   | Killed from afar by a rime drake

Illustrated notes

Levels and vault maps discovered:
D:1:      heliophobic_arrival_battle_scene, layout_loops_ring
D:2:      layout_rooms, serial_shops, nicolae_shop_overgrown_old_shop,
          nicolae_shop_trees, shop, nicolae_shop_trees,
          dreamdust_ecumenical_altar_angels_and_demons, basic_altar,
          kennysheep_generic_room_5
D:3:      layout_basic, mainiacjoe_overflow_brackets, corner_web_ring
D:4:      layout_basic, minmay_bisected
D:5:      layout_rooms, mainiacjoe_overflow_swirl,
          minmay_temple_entry_nine_rooms, hangedman_glass_teeth,
          serial_park_tiny_pond
D:6:      layout_basic, mainiacjoe_overflow_concentric_impassable,
          cheibrodos_ashenzari_chains, led_sif_pool, sigmund_edmund_badplayer
D:7:      minmay_chambers_of_fours, layout_cave_pools, serial_glass,
          glass_columns_a, glass_columns_b, minmay_misc_feat_encased
D:8:      layout_loops_corners, marbit_many_paths
D:9:      layout_layer_cave, elyvilon_altar_5, lair_entry_dummy, minivault_19
D:10:     layout_basic, okawaru_metal_pillars_3,
          kennysheep_orc_monster_closet_entryway, gammafunk_ghost_hive,
          hangedman_abyss_or_decor_stagger, grunt_ministairs_6,
          kennysheep_another_room, lemuel_old_faithful
D:11:     layout_rooms, uniq_harold
D:12:     layout_basic, trog_butcher_becter, uniq_rupert, uniq_josephine
Temple:   nicolae_temple_god_jail
Lair:1:   layout_cave_pods, st_stairs_5, bh_autumn_forest_stairs,
          grunt_megastairs_4, serial_bayou_shore_a, minmay_lair_oklob_chamber
Lair:2:   layout_chaotic_city, gammafunk_ghost_cemetery, tgw_fedhas
Lair:3:   layout_cave_pods, elwin_shoals_entry_rooms, dummy_spider_entry
Lair:4:   layout_loops_ring, portal_ice_cave_entry_animals_and_master,
          roderic_carrion_pond, infiniplex_staircase_pool_2, grunt_megastairs_2

Skill      XL: |  1  2  3  4  5  6  7  8  9 10 11 12 13 |
---------------+----------------------------------------+-----
Spellcasting   | 3 4 5 6 7 9 10 12 13 14 | 14.9
Fighting       | 1 2 3 4 5 6 7 |  7.7
Stealth        | 2 3 4 |  4.3
Dodging        | 3 4 5 |  5.8
Long Blades    | 1 2 3 |  3.2

Action                   |  1- 3 |  4- 6 |  7- 9 | 10-12 | 13-15 || total
-------------------------+-------+-------+-------+-------+-------++-------
Melee: Great sword       |       |       |       |    14 |       ||    14
       Scimitar          |       |       |       |     2 |       ||     2
       Great mace        |       |       |       |       |     7 ||     7
 Cast: Foxfire           |    87 |   125 |   187 |    27 |       ||   426
       Sticky Flame      |       |       |    15 |    29 |     5 ||    49
       Fireball          |       |       |     1 |   183 |    96 ||   280
       Conjure Flame     |       |       |     1 |       |       ||     1
       Mephitic Cloud    |       |       |       |    10 |     1 ||    11
       Vampiric Draining |       |       |       |     3 |     9 ||    12
Invok: Call Merchant     |       |       |       |     1 |     1 ||     2
  Use: Scroll            |       |     2 |     4 |     3 |     7 ||    16
       Potion            |       |       |       |     3 |       ||     3
 Stab: Sleeping          |       |       |       |     1 |       ||     1
Armor: Robe              |       |     9 |    12 |    24 |     6 ||    51
Dodge: Dodged            |     1 |    28 |    33 |    64 |    14 ||   140
       Rpst.: Scimitar   |       |       |     2 |     1 |       ||     3
       Great sword       |       |       |       |     6 |       ||     6

Table legend: (Time is in decaauts)
 A = Elapsed time spent in this place.
 B = Non-inter-level travel time spent in this place.
 C = Inter-level travel time spent in this place.
 D = Time resting spent in this place.
 E = Time spent auto-exploring this place.
 F = Levels seen in this place.
 G = Mean time per level.
                   A        B        C        D        E       F      G
               +--------+--------+--------+--------+--------+-----+--------+
         Total |  13323 |  12850 |    473 |    543 |  10161 |  17 |  783.7 |
       Dungeon |   9675 |   9285 |    390 |    440 |   7183 |  12 |  806.2 |
        Temple |     71 |     57 |     14 |      0 |     50 |   1 |   71.0 |
          Lair |   3576 |   3507 |     69 |    103 |   2928 |   4 |  894.0 |
               +--------+--------+--------+--------+--------+-----+--------+

Top non-repeatable levels by time:
     D:1: 1320 daAuts
     D:9: 1317 daAuts
  Lair:3: 1204 daAuts
    D:10: 1199 daAuts
  Lair:1: 1149 daAuts
     D:6: 1071 daAuts
  Lair:2: 991 daAuts
     D:8: 981 daAuts
     D:3: 866 daAuts
     D:7: 716 daAuts
     D:5: 606 daAuts
     D:4: 577 daAuts
    D:11: 528 daAuts
     D:2: 442 daAuts
  Lair:4: 231 daAuts
